Unix NetHack Version 5.0.0-0 post-release - last build Jun 10 2026 00:39:30 (3ee93aec679c4c4259841fe613dc97188e26a321,branch:main).

Game began 2026-06-16 14:36:46, ended 2026-06-16 15:06:03.

Drastanta, lawful male human Samurai

                     .-
                     |.-
                   ---..-           --
                   |.....           .
                   -.....          .-
                     .....        ..|
                       ....-   --...--
                         ...---......-
                           .GG...G.(
                           .|@..-
                           .|.---
                           -..--
                           |*d.|
                       - ---.<.|
                       |......--
                       -----..|
                           ----
Drastanta the Hatamoto  St:14 Dx:16 Co:18 In:10 Wi:8 Ch:9  Lawful
Dlvl:4  $:301 HP:0(27) Pw:4(4) AC:4  Xp:2 T:913  Burdened

Latest messages:
 Hachi misses the dwarf.
 Hachi misses the dwarf.
 Hachi misses the dwarf.
 Hachi misses the dwarf.
 Hachi misses the dwarf.
 The gnome picks up a gem.
 Hachi misses the dwarf.
 Hachi misses the dwarf.
 Hachi misses the dwarf.
 Hachi misses the dwarf.
 Hachi misses the dwarf.
 Hachi misses the dwarf.
 Hachi misses the dwarf.
 Hachi misses the dwarf.
 The gnome hits!
 The gnome hurls a cloudy potion!
 The phial crashes on the gnome's head and breaks into shards.
 The cloudy potion evaporates.
 The gnome falls asleep.
 Call a cloudy potion: 
 Hachi misses the dwarf.
 Hachi misses the dwarf.
 The gnome wields an aklys!
 The gnome secures the tether on the aklys.
 Hachi misses the dwarf.
 You kill the gnome!
 Hachi misses the dwarf.
 Hachi misses it.
 You swap places with the peaceful dwarf.
 Hachi misses the dwarf.
 Hachi eats a gnome corpse.
 You attack thin air.
 The gnome lord shoots an arrow!
 An arrow misses you.
 You kill the gnome!
 The gnome hits!
 You miss the gnome lord.
 The gnome lord swings his bow.
 The gnome lord hits!
 The gnome hits!
 You hit the gnome lord.
 The gnome lord swings his bow.
 The gnome lord just misses!
 You miss the gnome lord.
 The gnome misses!
 You hit the gnome lord.
 The gnome lord swings his bow.
 The gnome lord hits!
 You die...
 Do you want your possessions identified? [ynq] (y) q

Inventory:
 Coins    ('$')
  $ - 301 gold pieces
 Amulets  ('"')
  i - a cursed amulet of change
 Weapons  (')')
  d - 31 +0 ya (in quiver)
  c - a +0 yumi (alternate weapon; not wielded)
  a - a +0 katana (weapon in right hand)
  b - a +0 wakizashi
 Armor    ('[')
  l - an uncursed +0 oilskin cloak
  e - an uncursed rustproof +0 splint mail (being worn)
 Comestibles  ('%')
  p - an uncursed Can of White Monster
  f - 4 uncursed gunyoki
  n - a cursed gunyoki
  q - an uncursed melon
 Spellbooks  ('+')
  g - an uncursed spellbook of healing
  h - an uncursed spellbook of healing
  m - an uncursed spellbook of stone to flesh
 Rings    ('=')
  t - an uncursed +3 ring of gain constitution
  r - an uncursed ring of levitation
  j - an uncursed ring of sustain ability
 Tools    ('(')
  s - a cursed magic lamp

Drastanta the Samurai's attributes:

Background:
 You were a Hatamoto, a level 2 male human Samurai.
 You were lawful, on a mission for Amaterasu Omikami
 who was opposed by Raijin (neutral) and Susanowo (chaotic).
 You were right-handed.
 You were in the Gnomish Mines, on level 4.
 You entered the dungeon 913 turns ago.
 There was a new moon in effect when your adventure ended.
 You had 34 experience points, 6 more were needed to attain level 3.

Basics:
 You had 0 out of 27 hit points.
 You had all 4 energy points (spell power).
 Your armor class was 4.
 Your wallet contained 301 zorkmids.
 Autopickup was on for '$' plus thrown.

Final Characteristics:
 Your strength was 14 (limit:18/100).
 Your dexterity was 16 (limit:18).
 Your constitution was 18 (limit:18).
 Your intelligence was 10 (limit:18).
 Your wisdom was 8 (limit:18).
 Your charisma was 9 (limit:18).

Final Status:
 You weren't hungry.
 You were burdened; movement was slightly slowed.
 You were wielding a long sword.
 You had basic skill with long sword.

Final Attributes:
 You were devoutly aligned.
 You were warded.
 You were fast.
 You are dead.

Miscellaneous:
 You didn't encounter any bones levels.
 Total elapsed playing time was 12 minutes and 16 seconds.

Major events:
 Turn
    1: Drastanta the lawful male human Samurai entered the dungeon
  704: entered the Gnomish Mines
  913: killed by a gnome lord

You didn't know any spells.

Skills:
 Fighting Skills
   martial arts      [Basic]
   two weapon combat [Unskilled]
   riding            [Unskilled]
 Weapon Skills
   dagger            [Unskilled]
   knife             [Unskilled]
   short sword       [Basic]
   broadsword        [Unskilled]
   long sword        [Basic]
   two-handed sword  [Unskilled]
   saber             [Unskilled]
   flail             [Unskilled]
   quarterstaff      [Unskilled]
   polearms          [Unskilled]
   spear             [Unskilled]
   lance             [Unskilled]
   bow               [Basic]
   shuriken          [Unskilled]
 Spellcasting Skills
   attack spells     [Unskilled]
   divination spells [Unskilled]
   clerical spells   [Unskilled]

Voluntary challenges:
 Character rerolling was not enabled.
 You were an atheist.
 You never genocided any monsters.
 You never polymorphed an object.
 You never changed form.
 You used no wishes.
Achievement:
 You entered the Gnomish Mines.

 The Dungeons of Doom: levels 1 to 3
    Level 1:
       A fountain.
    Level 2:
       A fountain.
    Level 3:
       Stairs down to The Gnomish Mines.
 The Gnomish Mines:
    Level 4: <- You were here.
       Final resting place for
          you, killed by a gnome lord.


Vanquished creatures:
  2 gnomes
  a gecko
  4 jackals
  a goblin
  3 grid bugs
  a lichen
  a kobold zombie
  3 newts
16 creatures vanquished.

No species were genocided or became extinct.

Game over:
                       ----------
                      /          \
                     /    REST    \
                    /      IN      \
                   /     PEACE      \
                  /                  \
                  |    Drastanta     |
                  |      301 Au      |
                  |   killed by a    |
                  |    gnome lord    |
                  |                  |
                  |                  |
                  |       2026       |
                 *|     *  *  *      | *
        _________)/\\_//(\/(/\)/\//\/|_)_______

Sayonara Drastanta the Samurai...

You died in The Gnomish Mines on dungeon level 4 with 567 points,
and 301 pieces of gold, after 913 moves.
You were level 2 with a maximum of 27 hit points when you died.

